 Dungeon Crawl Stone Soup version 0.28-a0-1638-g9123634e07 (webtiles) character file.

Game seed: 13480326517496607448

62 siradein the Firebug (level 3, -21/19 HPs)
             Began as a Deep Elf Fire Elementalist on Jan 25, 2022.
             Demolished by an ogre (27 damage)
             ... on level 3 of the Dungeon.
             The game lasted 00:04:48 (1345 turns).

siradein the Firebug (Deep Elf Fire Elementalist)   Turns: 1345, Time: 00:04:48

Health: -21/19     AC:  2    Str:  5    XL:     3   Next: 85%
Magic:  9/10       EV: 13    Int: 21    God:
Gold:   31         SH:  0    Dex: 15    Spells: 0/9 levels left

rFire   . . .      SeeInvis .   (no weapon)
rCold   . . .      Faith    .   (no shield)
rNeg    . . .      Spirit   .   a - +0 robe
rPois   +          Reflect  .   (no helmet)
rElec   .          Harm     .   (no cloak)
rCorr   .          Rampage  .   (no gloves)
Will    .....                   (no boots)
Stlth   ++........              (no amulet)
HPRegen 0.06/turn               d - ring of poison resistance
MPRegen 0.12/turn               (no ring)

@: no status effects
A: no striking features
a: no special abilities


You were on level 3 of the Dungeon.
You visited 1 branch of the dungeon, and saw 3 of its levels.

You collected 31 gold pieces.

Inventory:

Armour
 a - a +0 robe (worn)
Magical Staves
 h - a staff of air
Jewellery
 d - a ring of poison resistance (left hand)
Scrolls
 b - a scroll of teleportation {unknown}
 c - a scroll of brand weapon {unknown}
 f - a scroll of magic mapping {unknown}
Potions
 e - a potion of heal wounds {unknown}
 g - a potion of haste {unknown}


   Skills:
 + Level 3.3 Dodging
 - Level 2.4 Stealth
 + Level 3.8 Spellcasting
 + Level 2.1 Conjurations
 + Level 3.9 Fire Magic


You couldn't memorise any spells.
You knew the following spells:

 Your Spells              Type           Power      Damage    Failure   Level
a - Foxfire               Conj/Fire      64%        2x1d7     3%          1
b - Scorch                Fire           40%        2d7       3%          2
c - Conjure Flame         Conj/Fire      16%        6-21      11%         3
d - Inner Flame           Hex/Fire       12%        N/A       16%         3

Your spell library contained the following spells:

 Spells                   Type           Power      Damage    Failure   Level
 Flame Wave               Conj/Fire      16%        2d6       34%         4


Dungeon Overview and Level Annotations

Branches:
Dungeon (3/15)

Altars:


Message History

Nothing appears to happen.
The foxfire hits the ogre.
The ogre is lightly wounded.
The foxfire hits the ogre.
The ogre is lightly wounded.
The ogre hits you with a +0 giant spiked club!
The goblin shouts!
Your magical contamination has completely faded away.
Really attack while wielding nothing? [Y]es or [N]o only, please.
Really attack while wielding nothing? [Y]es or [N]o only, please.
Really attack while wielding nothing?
Okay, then.
The goblin hits you but does no damage.
You conjure some foxfire!
The goblin hits you with a +0 club.
The foxfire hits the goblin.
You kill the goblin!
The foxfire hits the ogre.
The ogre is moderately wounded.
A jackal comes into view.
The jackal barks!
You hear a bark!
The jackal bites you.
A jackal comes into view.
Really attack while wielding nothing? [Y]es or [N]o only, please.
Really attack while wielding nothing? [Y]es or [N]o only, please.
Really attack while wielding nothing?
Okay, then.
The jackal bites you but does no damage.
The jackal bites you.
There is a stone staircase leading down here.
The jackal closely misses you. The ogre misses you.
You climb downwards.
Found an escape hatch in the floor.
There is a stone staircase leading up here.
The jackal barely misses you.
The ogre hits you with a +0 giant spiked club!!
Ouch! That really hurt!
You die...

###
##.##
##<..##
#.....#
##Oh.##
##@##
###


You could see an ogre and a jackal.

Vanquished Creatures
  2 gnolls (D:1)
  A worm (D:2)
  3 dart slugs (D:1)
  2 bats (D:1)
  2 endoplasms (D:1)
  2 giant cockroaches (D:1)
  4 goblins
  2 hobgoblins
  3 quokkas (D:1)
  4 ball pythons
  2 frilled lizards
  2 kobolds (D:1)
  6 rats (D:1)
35 creatures vanquished.

Vanquished Creatures (collateral kills)
  3 foxfires (D:1)
3 creatures vanquished.

Vanquished Creatures (others)
  85 foxfires
  32 plants (D:1)
117 creatures vanquished.

Grand Total: 155 creatures vanquished

Notes
Turn   | Place    | Note
-------+----------+-------------------------------------------
     0 | D:1      | siradein the Deep Elf Fire Elementalist began the quest for
                  | the Orb.
     0 | D:1      | Reached XP level 1. HP: 10/10 MP: 6/6
   283 | D:1      | Reached XP level 2. HP: 15/15 MP: 5/8
   286 | D:1      | Learned a level 2 spell: Scorch
   819 | D:1      | Reached XP level 3. HP: 19/19 MP: 8/10
   851 | D:1      | Learned a level 3 spell: Conjure Flame
   855 | D:1      | Learned a level 3 spell: Inner Flame
  1316 | D:2      | Noticed an ogre
  1345 | D:3      | Demolished by an ogre

Illustrated notes

Levels and vault maps discovered:
D:1:      ncdulo_halloftheorcs, layout_loops_ring, serial_bayou_lagoon_a
D:2:      layout_loops_ring
D:3:      layout_loops_corners, serial_bayou, serial_bayou_shore_a,
          serial_bayou_lagoon_b, serial_bayou_shore_b, serial_bayou_pond_a,
          serial_bayou_crossing, ebering_ecumenical_altar_petrified,
          solitary_fountain

Skill      XL: |  1  2  3 |
---------------+----------+-----
Dodging        | 3 |  3.3
Conjurations   | 2 |  2.1
Stealth        | |  2.4
Spellcasting   | |  3.8
Fire Magic     | |  3.9

Action                   || total
-------------------------++-------
 Cast: Foxfire           ||    57
       Scorch            ||     2
Armor: Robe              ||     3
Dodge: Dodged            ||     6

Table legend: (Time is in decaauts)
 A = Elapsed time spent in this place.
 B = Non-inter-level travel time spent in this place.
 C = Inter-level travel time spent in this place.
 D = Time resting spent in this place.
 E = Time spent auto-exploring this place.
 F = Levels seen in this place.
 G = Mean time per level.
                   A        B        C        D        E       F      G
               +--------+--------+--------+--------+--------+-----+--------+
         Total |   1356 |   1352 |      4 |     10 |   1050 |   3 |  452.0 |
       Dungeon |   1356 |   1352 |      4 |     10 |   1050 |   3 |  452.0 |
               +--------+--------+--------+--------+--------+-----+--------+

Top non-repeatable levels by time:
     D:1: 1256 daAuts
     D:2: 97 daAuts
     D:3: 2 daAuts
